 Dungeon Crawl Stone Soup version 0.17-a0-1479-g4041c36 (webtiles) character file.

201 magipi the Firebug (level 5, 0/28 HPs)
             Began as a Tengu Fire Elementalist on July 3, 2015.
             Slain by an orc wizard
             ... wielding a +0 dagger
              (2 damage)
             ... on level 3 of the Dungeon.
             The game lasted 00:16:32 (3934 turns).

magipi the Firebug (Tengu Fire Elementalist)        Turns: 3934, Time: 00:16:33

Health: 0/28       AC:  2    Str:  8      XL:     5   Next: 79%
Magic:  4/9        EV: 15    Int: 12 (16) God:
Gold:   150        SH:  0    Dex: 15      Spells: 2 memorised, 4 levels left

rFire  . . .     SeeInvis .     e - +0 short sword
rCold  . . .     Clarity  .     a - +0 robe
rNeg   . . .     SustAt   .     (no shield)
rPois  .         Gourm    .     (helmet restricted)
rElec  .         Spirit   .     (no cloak)
rCorr  .         Warding  .     (no gloves)
rMut   .         Stasis   .     (boots unavailable)
MR     .....                    (no amulet)
Stlth  ++........               (no ring)
                                (no ring)

@: flying quickly and evasively, slowed, very slow, not resistant to hostile
enchantments, unstealthy
A: beak, talons 3, able to fly 1
a: no special abilities


You were on level 3 of the Dungeon.
You were hungry.

You visited 1 branch of the dungeon, and saw 3 of its levels.
You also visited: Sewer.

You collected 150 gold pieces.

Notes
Turn   | Place    | Note
--------------------------------------------------------------
     0 | D:1      | magipi the Tengu Fire Elementalist began the quest for the Orb.
     0 | D:1      | Reached XP level 1. HP: 10/10 MP: 4/4
   396 | D:1      | Reached XP level 2. HP: 15/15 MP: 4/6
  1293 | D:2      | Found a glowing golden altar of the Shining One.
  1455 | D:2      | Reached XP level 3. HP: 19/19 MP: 4/7
  1460 | D:2      | Learned a level 3 spell: Conjure Flame
  1702 | D:2      | Reached skill level 4 in Fire Magic
  2583 | D:3      | Reached XP level 4. HP: 21/24 MP: 4/8
  2710 | D:3      | Found a glowing drain.
  2862 | Sewer    | Entered a sewer
  3050 | Sewer    | Noticed a big kobold
  3097 | Sewer    | Killed a big kobold
  3097 | Sewer    | Reached skill level 5 in Fire Magic
  3097 | Sewer    | Gained mutation: You can fly. [Tengu growth]
  3097 | Sewer    | Reached XP level 5. HP: 28/28 MP: 3/9
  3181 | Sewer    | Found a white marble altar of Elyvilon.
  3494 | D:3      | Reached skill level 5 in Conjurations
  3916 | D:3      | HP: 1/28 [orc wizard/magic dart (9)]
  3934 | D:3      | Slain by an orc wizard

Inventory:

Hand weapons
 b - a +0 blowgun
 e - a +0 short sword (weapon)
Missiles
 i - 30 stones (quivered)
 s - 28 poisoned needles
 u - 6 tomahawks
 x - 8 javelins
Armour
 a - a +0 robe (worn)
Jewellery
 h - a +5 ring of dexterity {unknown}
 p - an uncursed ring of ice {unknown}
Magical devices
 w - a wand of fire (7)
Scrolls
 g - 4 scrolls of teleportation {unknown}
 k - a scroll of fear {unknown}
 l - a scroll of recharging {unknown}
 o - 5 scrolls of identify {unknown}
 y - a scroll of amnesia {unknown}
Potions
 j - a potion of degeneration
 n - 3 potions of flight
 q - a potion of ambrosia {unknown}
 t - a potion of curing {unknown}
Books
 r - a book of Flames

   Spells                             Type                      Level
   a - Flame Tongue                   Conjuration/Fire             1
   b - Throw Flame                    Conjuration/Fire             2
   c - Conjure Flame                  Conjuration/Fire             3
   d - Inner Flame                    Hexes/Fire                   3
   e - Sticky Flame                   Conjuration/Fire             4
   f - Fireball                       Conjuration/Fire             5
Comestibles
 c - a bread ration
 d - 2 meat rations
 f - 2 fruits
 v - 3 chunks of flesh


   Skills:
 - Level 2.1 Dodging
 - Level 2.0 Stealth
 - Level 2.0 Spellcasting
 + Level 5.2 Conjurations
 + Level 5.4 Fire Magic


You had 4 spell levels left.
You knew the following spells:

 Your Spells              Type           Power        Failure   Level  Hunger
a - Flame Tongue          Conj/Fire      ##...        3%          1    ##.....
b - Conjure Flame         Conj/Fire      ##......     12%         3    ####...


Dungeon Overview and Level Annotations

Branches:
Dungeon (3/15)

Altars:
The Shining One


Innate Abilities, Weirdness & Mutations

You have a beak for a mouth.
You have claws for feet.
You can fly.

Vault maps used:
D:1:      dpeg_arrival_ternary
D:2:      wad_crossroads, lemuel_round_altar
D:3:      portal_sewer_entry_d
Sewer:    sewer_kobolds


Message History

The orc wizard shouts!
The orc closely misses you.
Casting: Flame Tongue
Confirm with . or Enter, or press ? or * to list all spells.
Aiming: Flame Tongue
Press: ? - help, Shift-Dir - straight line, f/p - orc
Aim: an orc, wielding a hand axe (heavily wounded)
The flame tongue hits the orc.
You kill the orc!
The orc wizard gestures wildly while chanting.
The orc wizard blinks!
Casting: Flame Tongue
Confirm with . or Enter, or press ? or * to list all spells.
Aiming: Flame Tongue
Press: ? - help, Shift-Dir - straight line, f - orc
Aim: an orc, wielding a trident and wearing a ring mail The flame tongue hits the orc.
The orc appears unharmed.
Casting: Flame Tongue
Confirm with . or Enter, or press ? or * to list all spells.
Aiming: Flame Tongue
Press: ? - help, Shift-Dir - straight line, f/p - orc
Aim: an orc, wielding a trident and wearing a ring mail The flame tongue hits the orc.
The orc is lightly wounded.
The orc hits you from afar with a trident!
Casting: Flame Tongue
Confirm with . or Enter, or press ? or * to list all spells.
Aiming: Flame Tongue
Press: ? - help, Shift-Dir - straight line, f/p - orc
Aim: an orc, wielding a trident and wearing a ring mail (lightly wounded)
The flame tongue hits the orc.
The orc appears unharmed.
The orc is lightly wounded.
The orc hits you from afar with a trident!
Casting: Flame Tongue
Confirm with . or Enter, or press ? or * to list all spells.
Aiming: Flame Tongue
Press: ? - help, Shift-Dir - straight line, f/p - orc
Aim: an orc, wielding a trident and wearing a ring mail (lightly wounded)
The flame tongue hits the orc.
You kill the orc!
Casting: Flame Tongue
Confirm with . or Enter, or press ? or * to list all spells.
Aiming: Flame Tongue
Press: ? - help, Shift-Dir - straight line, f - orc
Aim: an orc, wielding a mace The flame tongue misses the orc.
You are feeling hungry.
The orc wizard mumbles some strange words.
The orc wizard blinks!
You see here a hand axe.
The orc wizard mumbles some strange words.
The orc wizard seems to speed up.
The orc wizard casts a spell.
The orc wizard blinks!
The orc wizard gestures at you while chanting.
The magic dart hits you!
* * * LOW HITPOINT WARNING * * *
Unknown command.
Drink which item? (? for menu, Esc to quit)
It was a potion of flight.
You feel very buoyant.
You swoop lightly up into the air.
The orc wizard closely misses you.
The orc wizard hits you but does no damage.
Drink which item? (? for menu, Esc to quit)
It was a potion of degeneration.
There was something very wrong with that liquid.
You feel dopey. The orc barely misses you. The orc wizard closely misses you.
Drink which item? (? for menu, Esc to quit)
It was a potion of heal wounds.
You feel much better.
The orc wizard mumbles some strange words.
The orc wizard blinks!
The orc hits you with a mace.
The orc wizard gestures at you while chanting.
The magic dart hits you!
The orc wizard mumbles some strange words.
The orc wizard blinks!
The orc wizard gestures wildly while chanting.
The orc wizard blinks!
The orc wizard gestures at you while chanting.
You feel yourself slow down.
The orc wizard points at you and mumbles some strange words.
The magic dart hits you! The orc wizard casts a spell at you.
The magic dart hits you!
* * * LOW HITPOINT WARNING * * *
Casting: Flame Tongue
Confirm with . or Enter, or press ? or * to list all spells.
Aiming: Flame Tongue
Press: ? - help, Shift-Dir - straight line, f/p - orc
Aim: an orc, wielding a mace The flame tongue misses the orc.
The orc misses you.
Casting: Flame Tongue
Confirm with . or Enter, or press ? or * to list all spells.
Aiming: Flame Tongue
Press: ? - help, Shift-Dir - straight line, f/p - orc
Aim: an orc, wielding a mace The flame tongue hits the orc.
The orc is almost dead.
The orc wizard hits you with a dagger.
You die...

...# #.......###########...#
#.).
...###................##...#
#(##
...##.................##...###(#
...##.....###.........#........#
...##.....# #.........#........#
#####.....# #.........#........#
#.....###.........#........#
#.†..........o.............#
#.....###.).@o..........§..##
#.....# #....................
####### #..........#.###.####
##########.#......#
#######.#......#
#............#.#
#.##########.#.# #.# #........#
#.#####.####.###


You could see an orc wizard and an orc.

Vanquished Creatures
  A big kobold (Sewer)
  2 river rats (Sewer)
  3 adders
  An ooze (D:2)
  2 worms
  3 giant geckos (D:2)
  2 orcs (D:3)
  6 goblins
  5 hobgoblins
  10 jackals
  14 kobolds
  A quokka (D:3)
  A ball python (D:2)
  6 bats
  6 giant cockroaches
  2 giant newts (D:1)
  8 rats
73 creatures vanquished.

Action                   |  1- 3 |  4- 6 || total
-------------------------+-------+-------++-------
Melee: Short sword       |    14 |     3 ||    17
 Cast: Flame Tongue      |    57 |    64 ||   121
  Use: Potion            |       |     3 ||     3
  Eat: Chunk             |     6 |     4 ||    10
       Fruit             |       |     1 ||     1

Action                   |  1- 3 |  4- 6 || total
-------------------------+-------+-------++-------
Melee: Short sword       |    14 |     3 ||    17
 Cast: Flame Tongue      |    57 |    64 ||   121
  Use: Potion            |       |     3 ||     3
  Eat: Chunk             |     6 |     4 ||    10
       Fruit             |       |     1 ||     1
